Map: Dusk Towers

Players

DonaldTrump - Winner!

  • Race: Terran Terran
  • League: Gold

capac

  • Race: Terran Terran
  • League: Gold

VOD

Have the link to the VOD?

Description

Time

  • Played on: April 4, 2016, 10:26 a.m.
  • Length: 29:46
Show
View Real Time Build Order
Export as new Build Order

DonaldTrump Terran - Winner!

Build Orders:  

Get SALT Encoding   

  12  0:01  SCV  
  13  0:13  SCV  
  14  0:19  Supply Depot  
  14  0:25  SCV  
  15  0:41  SCV  
  16  0:48  Engineering Bay  
  16  0:51  Refinery  
  16  0:53  Refinery, SCV  
  17  1:05  SCV  
  18  1:14  Barracks  
  18  1:17  SCV  
  19  1:30  SCV  
  20  1:42  SCV  
  21  1:54  SCV  
  22  2:08  Barracks Tech Lab  
  22  2:09  SCV  
  22  2:10  Ghost Academy  
  22  2:12  Factory  
  23  2:22  Planetary Fortress  
  23  2:29  Supply Depot  
  22  2:48  Ghost  
  23  3:00  SCV  
  23  3:07  Personal Cloaking  
  23  3:12  SCV  
  24  3:18  Supply Depot  
  24  3:24  SCV  
  25  3:34  Ghost Academy  
  25  3:36  SCV  
  26  4:03  Nuke  
  26  4:11  SCV  
  26  4:16  Command Center  
  27  4:26  SCV  
  28  4:33  Nuke  
  28  4:40  Ghost  
  28  4:44  Ghost Academy  
  30  5:11  Ghost  
  32  5:14  Nuke  
  32  5:27  Nuke  
  30  5:44  Nuke  
  30  5:56  Command Center  
  30  6:01  Refinery  
  30  6:03  Refinery  
  28  6:21  Nuke  
  28  6:22  Ghost  
  30  6:25  SCV  
  30  6:29  SCV  
  32  6:38  SCV  
  33  6:41  Nuke, SCV  
  34  6:50  SCV  
  34  6:53  SCV  
  36  6:57  Ghost  
  38  7:02  SCV  
  38  7:05  SCV  
  38  7:06  Nuke  
  40  7:08  Nuke  
  40  7:14  SCV  
  39  7:17  SCV  
  39  7:19  Supply Depot  
  40  7:26  SCV  
  40  7:28  Nuke  
  40  7:29  SCV  
  42  7:38  SCV  
  42  7:41  SCV  
  44  7:56  Nuke x2  
  44  7:58  SCV  
  44  7:59  SCV  
  44  8:02  Planetary Fortress  
  44  8:11  SCV x2  
  46  8:22  Nuke  
  46  8:23  Ghost, SCV  
  50  8:31  Planetary Fortress  
  47  8:35  SCV  
  48  8:46  SCV  
  48  8:47  SCV  
  50  8:58  SCV, Command Center  
  50  8:59  SCV  
  52  9:05  Nuke  
  52  9:07  SCV  
  52  9:09  Refinery  
  53  9:10  Refinery, SCV  
  53  9:11  SCV  
  53  9:19  SCV  
  53  9:22  SCV  
  53  9:23  SCV  
  56  9:31  SCV, Command Center  
  56  9:32  Barracks  
  56  9:34  SCV  
  56  9:35  SCV  
  59  9:43  SCV  
  59  9:44  Ghost  
  62  9:47  SCV x2  
  64  9:56  SCV  
  64  9:59  SCV x2  
  67  10:00  Command Center  
  67  10:08  SCV  
  67  10:12  SCV x3  
  67  10:13  Ghost  
  73  10:21  Barracks Tech Lab, SCV  
  74  10:24  Ghost Academy, SCV  
  74  10:26  SCV  
  74  10:28  Planetary Fortress  
  76  10:29  Missile Turret  
  76  10:33  SCV  
  75  10:36  SCV  
  75  10:38  SCV  
  77  10:45  Missile Turret, Planetary Fortress  
  77  10:46  Ghost  
  77  10:49  SCV x2  
  81  10:53  Ghost Academy  
  81  10:54  Nuke x2  
  81  10:58  SCV  
  81  11:01  SCV  
  83  11:05  SCV x2  
  83  11:09  Refinery  
  85  11:12  Refinery, Missile Turret, Planetary Fortress  
  85  11:15  Ghost  
  85  11:16  SCV  
  85  11:17  SCV x2  
  90  11:19  SCV  
  90  11:22  SCV  
  92  11:27  Command Center  
  92  11:29  SCV x2  
  94  11:33  Missile Turret  
  94  11:35  Missile Turret, SCV x3  
  97  11:41  SCV x2  
  97  11:44  Ghost  
  97  11:46  Nuke  
  102  11:47  SCV  
  102  11:49  Ghost Academy  
  102  11:50  SCV x2  
  102  11:53  SCV  
  105  11:56  SCV  
  106  12:05  Nuke x2, SCV  
  107  12:08  SCV  
  107  12:09  SCV x2  
  107  12:13  Ghost  
  112  12:17  SCV  
  112  12:20  Ghost Academy  
  112  12:22  Nuke, Factory  
  113  12:24  Ghost Academy x2, SCV  
  113  12:28  Command Center  
  115  12:30  SCV  
  115  12:36  Nuke, SCV, Command Center  
  116  12:41  Missile Turret  
  116  12:42  Nuke, SCV  
  116  12:44  Nuke  
  117  12:45  Ghost  
  117  12:47  SCV  
  117  12:48  SCV  
  117  12:49  Refinery x2  
  121  12:51  Ghost Academy, Nuke  
  121  12:52  Nuke x2  
  121  12:54  SCV  
  121  12:57  Nuke  
  122  13:02  Missile Turret  
  122  13:03  Ghost  
  124  13:06  SCV  
  124  13:08  SCV  
  126  13:13  Ghost  
  126  13:15  Nuke  
  126  13:16  Ghost Academy  
  126  13:18  Ghost Academy  
  126  13:20  SCV x2  
  126  13:22  Nuke x2  
  128  13:30  Nuke  
  128  13:32  Ghost, SCV x2  
  129  13:34  Ghost Academy  
  129  13:41  Nuke  
  127  13:42  Ghost  
  127  13:44  SCV  
  130  13:49  Nuke x2  
  130  14:00  Ghost  
  130  14:02  Planetary Fortress  
  132  14:03  Command Center  
  132  14:04  SCV x2, Missile Turret  
  132  14:05  SCV  
  132  14:09  Nuke x2  
  135  14:10  Concussive Shells, Nuke x2  
  135  14:16  Planetary Fortress  
  135  14:17  SCV  
  136  14:27  Nuke  
  136  14:29  SCV  
  137  14:35  SCV  
  137  14:36  Barracks Tech Lab  
  136  14:38  Ghost Academy  
  136  14:40  Ghost Academy x2  
  136  14:41  Nuke, SCV  
  136  14:43  Nuke  
  136  14:44  SCV  
  138  14:47  SCV  
  135  14:53  SCV  
  135  14:57  SCV  
  137  15:02  Refinery  
  137  15:07  Refinery  
  137  15:09  SCV  
  138  15:16  Nuke  
  138  15:17  Ghost  
  138  15:21  SCV  
  141  15:22  Barracks  
  141  15:24  Barracks, SCV  
  141  15:25  Refinery, Planetary Fortress  
  141  15:26  Refinery  
  142  15:33  SCV  
  142  15:35  Nuke  
  143  15:36  SCV  
  143  15:37  Nuke x3  
  143  15:39  Command Center  
  142  15:46  Ghost x2  
  142  15:48  SCV  
  145  15:50  SCV  
  146  15:58  Nuke x3  
  146  16:00  SCV  
  147  16:08  Refinery  
  147  16:12  SCV  
  147  16:14  Ghost  
  147  16:15  Ghost  
  152  16:22  Nuke  
  152  16:23  Nuke x2  
  152  16:24  SCV  
  153  16:28  Nuke  
  153  16:29  Nuke x2  
  153  16:33  Nuke  
  153  16:36  SCV  
  154  16:40  Refinery  
  154  16:43  Ghost x2  
  154  16:46  Missile Turret  
  154  16:47  Missile Turret x2  
  158  16:48  SCV, Missile Turret x2  
  158  16:49  Missile Turret  
  158  16:51  Hi-Sec Auto Tracking, Missile Turret  
  159  16:54  Planetary Fortress  
  159  16:55  Missile Turret  
  159  16:59  Missile Turret  
  159  17:00  Nuke x2, SCV  
  159  17:01  Nuke  
  160  17:06  Nuke  
  160  17:11  Ghost  
  160  17:12  Ghost  
  160  17:13  SCV  
  160  17:15  SCV  
  166  17:19  Missile Turret  
  166  17:20  Nuke  
  166  17:25  SCV  
  166  17:27  SCV  
  166  17:28  Nuke x2  
  169  17:37  SCV  
  169  17:39  SCV  
  169  17:40  Ghost x2  
  174  17:45  Nuke  
  174  17:48  Building Armor  
  174  17:51  SCV  
  175  17:52  Nuke x2  
  175  17:53  Nuke  
  175  17:54  Barracks Tech Lab  
  175  17:59  Ghost Academy x2  
  175  18:02  SCV  
  175  18:03  Nuke, SCV  
  177  18:07  Nuke  
  177  18:08  Ghost  
  177  18:09  Ghost  
  177  18:12  SCV  
  180  18:14  Refinery  
  180  18:15  SCV  
  177  18:20  SCV  
  177  18:24  Nuke x2  
  176  18:32  SCV  
  175  18:37  Ghost  
  172  18:44  Nuke, SCV  
  172  18:46  Nuke  
  172  18:47  Ghost  
  175  18:48  Barracks Tech Lab  
  175  18:56  SCV  
  175  19:05  Ghost  
  175  19:08  SCV  
  175  19:09  Nuke x2  
  176  19:13  Nuke  
  176  19:16  Ghost  
  176  19:20  SCV  
  176  19:22  Command Center  
  175  19:34  Ghost  
  175  19:37  Nuke x3  
  173  19:55  Ghost x2  
  177  20:02  Ghost, Missile Turret x2  
  177  20:05  SCV  
  180  20:09  Missile Turret  
  180  20:13  SCV  
  179  20:15  Refinery  
  179  20:17  SCV  
  179  20:18  Refinery  
  180  20:24  Ghost Academy, Ghost x2  
  180  20:25  Ghost Academy, SCV  
  180  20:26  Ghost Academy x2, Nuke  
  180  20:27  Ghost Academy  
  182  20:29  Ghost Academy, SCV  
  182  20:30  Missile Turret  
  182  20:31  Ghost  
  182  20:32  Missile Turret  
  184  20:38  SCV  
  184  20:41  SCV  
  181  20:50  Nuke, SCV  
  181  20:52  Ghost x2  
  186  20:59  Refinery, Ghost  
  186  21:02  SCV  
  186  21:03  Missile Turret  
  186  21:04  Nuke x3, Missile Turret x2  
  187  21:05  Nuke x4  
  187  21:14  SCV  
  187  21:16  Nuke  
  188  21:21  Ghost x2  
  188  21:24  Nuke  
  188  21:25  Nuke  
  192  21:26  SCV  
  192  21:28  Ghost  
  192  21:31  Nuke  
  195  21:34  Nuke  
  195  21:40  Nuke  
  195  21:46  Nuke  
  195  21:49  Ghost  
  195  21:50  Nuke  
  197  21:56  Nuke  
  197  22:02  Nuke  
  197  22:06  Ghost  
  197  22:11  Nuke  
  193  22:17  Nuke x3  
  193  22:24  Nuke  
  193  22:34  Nuke  
  193  22:43  Nuke x3  
  183  22:47  Ghost x3  
  183  22:50  Nuke  
  183  22:56  Nuke x2  
  173  23:01  Nuke x2  
  173  23:05  Nuke  
  155  23:13  Nuke  
  155  23:15  Ghost  
  155  23:16  Ghost x2  
  159  23:22  Nuke  
  159  23:25  Nuke  
  154  23:35  SCV  
  151  23:44  Ghost x3  
  151  23:47  SCV  
  156  23:49  Nuke x2  
  156  23:54  Nuke  
  157  24:04  Nuke x2  
  153  24:13  Ghost x2  
  149  24:24  Command Center  
  149  24:35  Nuke x2  
  149  24:37  Nuke x2  
  147  24:42  Nuke  
  147  24:43  Nuke x2  
  147  24:44  Ghost x3  
  145  24:47  Nuke x3  
  145  24:52  SCV  
  146  24:55  Refinery  
  146  25:04  SCV  
  147  25:07  Refinery  
  147  25:12  Nuke x3, Ghost x3  
  149  25:16  SCV  
  149  25:19  Nuke  
  150  25:25  Nuke  
  149  25:28  SCV  
  149  25:31  Nuke  
  149  25:36  Nuke  
  149  25:40  SCV  
  149  25:42  Nuke  
  150  25:58  Nuke  
  150  25:59  Nuke x2  
  150  26:07  Refinery, Planetary Fortress  
  150  26:12  Nuke  
  150  26:18  Command Center  
  150  26:42  Nuke x3  
  151  26:54  SCV  
  151  27:06  SCV  
  150  27:11  Ghost x2  
  150  27:18  SCV  
  151  27:27  Nuke x2  
  151  27:29  Ghost  
  149  27:30  SCV  
  152  27:40  Ghost x2  
  156  27:50  Nuke x2  
  154  27:56  Nuke  
  154  27:58  Ghost  
  154  28:07  Nuke  
  154  28:08  Ghost  
  154  28:09  Ghost  
  158  28:14  Nuke  
  158  28:23  Nuke  
  158  28:26  Ghost  
  157  28:31  Nuke  
  157  28:37  Ghost  
  157  28:40  Nuke  
  157  28:41  Nuke  
  157  28:51  Nuke  
  147  29:01  Nuke  
  147  29:04  Ghost  
  147  29:05  Ghost x2  
Show
View Real Time Build Order
Export as new Build Order

capac Terran 

Build Orders: Reaper Expand 

Get SALT Encoding   

  12  0:00  SCV  
  13  0:13  SCV  
  14  0:18  Supply Depot  
  14  0:25  SCV  
  15  0:39  SCV  
  15  0:41  Barracks  
  16  0:43  Refinery  
  16  0:51  SCV  
  17  1:07  SCV  
  18  1:19  SCV  
  19  1:28  Reaper  
  20  1:33  Orbital Command  
  20  1:37  Supply Depot  
  20  1:50  Command Center  
  20  2:01  SCV  
  21  2:07  Factory  
  21  2:17  Marine  
  22  2:24  SCV  
  23  2:46  SCV  
  23  2:47  Marine  
  25  3:00  Factory Tech Lab  
  25  3:01  Engineering Bay, Bunker  
  24  3:10  Starport  
  24  3:13  Orbital Command  
  25  3:24  Barracks Reactor  
  24  3:32  Refinery  
  24  3:35  Command Center  
  24  3:46  SCV x2  
  24  3:47  Missile Turret  
  26  3:54  Siege Tank  
  29  4:04  Supply Depot, SCV x2  
  29  4:05  Marine x2  
  33  4:16  SCV x2  
  35  4:19  Starport Reactor  
  35  4:23  Marine x2  
  37  4:28  SCV  
  37  4:29  SCV  
  39  4:34  Siege Tank  
  42  4:41  Supply Depot, SCV x2  
  44  4:49  Barracks  
  44  4:50  Refinery x2  
  44  4:52  Marine x2  
  44  4:53  SCV x2  
  48  5:05  SCV  
  49  5:12  Missile Turret  
  49  5:14  Marine x2  
  49  5:18  Medivac  
  55  5:24  Supply Depot  
  55  5:27  Medivac  
  46  5:54  Marine  
  47  6:05  Missile Turret  
  47  6:10  Orbital Command  
  47  6:12  Marine  
  32  6:23  Missile Turret  
  32  6:30  Starport Tech Lab  
  32  6:35  SCV  
  32  6:36  SCV  
  27  6:48  SCV  
  27  6:50  Missile Turret  
  28  7:06  Bunker  
  28  7:15  SCV x2  
  30  7:16  SCV  
  30  7:19  Factory Tech Lab  
  30  7:20  Raven  
  30  7:21  Barracks Reactor  
  33  7:24  Barracks Tech Lab  
  33  7:27  SCV x2  
  33  7:29  SCV  
  36  7:39  SCV x2  
  29  7:47  SCV  
  30  7:51  SCV x2  
  32  8:07  Marine  
  32  8:10  Marine  
  27  8:18  Siege Tank, Raven  
  32  8:25  Marine  
  33  8:28  Marine  
  34  8:39  SCV x2  
  36  8:43  Marine  
  36  8:45  Marine  
  38  8:51  SCV x2  
  40  9:01  Marine  
  40  9:02  Siege Tank  
  44  9:03  Marine  
  45  9:19  Marine  
  45  9:21  Marine  
  47  9:27  Medivac  
  47  9:29  SCV x2  
  51  9:35  Command Center  
  51  9:36  Marine  
  52  9:41  SCV x2  
  55  9:48  Barracks x2  
  55  9:54  Marine  
  55  9:56  Barracks Reactor  
  55  9:58  SCV x2  
  55  9:59  Starport  
  57  10:10  SCV x2  
  57  10:12  Marine  
  60  10:21  Medivac  
  62  10:22  SCV x2  
  64  10:34  SCV x2  
  66  10:38  Starport Reactor  
  66  10:40  Barracks Reactor x2  
  66  10:47  Barracks  
  66  10:50  SCV x2  
  66  10:55  Missile Turret  
  66  10:57  Command Center  
  68  11:00  Marine x2  
  68  11:01  Marine  
  71  11:13  SCV x2  
  71  11:17  Siege Tank  
  71  11:18  Marine x4  
  77  11:19  Marine x2  
  77  11:20  Marine  
  83  11:29  Medivac  
  85  11:35  Supply Depot  
  85  11:37  Supply Depot  
  85  11:38  Orbital Command  
  85  11:57  SCV x2, Medivac  
  89  12:10  Siege Tank  
  92  12:21  SCV x2  
  94  12:25  SCV  
  95  12:33  SCV x2  
  97  12:55  Marine x6  
  97  12:57  Siege Tank  
  97  12:58  Medivac  
  108  13:07  Stimpack  
  107  13:28  Medivac  
  100  13:48  Marine x2  
  100  13:49  Marine x5  
  100  13:54  SCV  
  100  13:55  SCV x2  
  110  14:01  Raven  
  110  14:02  Siege Tank  
  115  14:06  SCV  
  116  14:12  Refinery x2  
  116  14:19  Terran Infantry Weapons Level 1  
  116  14:21  Starport  
  116  14:26  Factory  
  116  14:46  Marine x5  
  116  14:48  Marine, SCV  
  116  14:49  Marine, SCV x2  
  87  15:04  Marine x3  
  87  15:05  Marine  
  88  15:08  Marine x3  
  88  15:10  Liberator x2  
  86  15:22  Starport Reactor, Marine x3  
  86  15:23  Marine  
  86  15:26  Marine x3  
  99  15:29  Factory Tech Lab  
  99  15:31  Siege Tank  
  102  15:40  Marine x3  
  107  15:50  Siege Tank  
  107  15:51  Raven  
  109  16:32  Marine x2  
  109  16:33  Marine x5  
  116  16:51  Supply Depot  
  116  16:56  Liberator  
  116  17:00  Supply Depot  
  116  17:02  Marine x3  
  116  17:09  Marine x2  
  116  17:13  Medivac x2  
  121  17:19  Marine  
  121  17:20  Marine x2  
  121  17:21  Marine x2  
  126  17:27  Marine x2  
  119  17:37  Marine x2  
  119  17:43  Medivac x2  
  110  17:46  Marine  
  110  17:47  Marine x4  
  110  17:50  Siege Tank  
  110  17:51  Siege Tank  
  119  17:55  Marine x2  
  121  18:04  Marine x2  
  121  18:05  Marine x3  
  126  18:13  Marine  
  72  19:05  Marine  
  72  19:06  Marine x6  
  72  19:09  Siege Tank x2  
  81  19:23  Marine x2  
  81  19:24  Marine  
  79  19:36  Marine x3  
  79  19:37  Marine  
  83  19:41  Marine x3  
  83  19:44  Siege Tank x2  
  85  19:54  Raven  
  85  19:57  Medivac x2  
  85  19:58  Marine x3  
  85  19:59  Marine x4  
  98  20:03  Supply Depot  
  98  20:06  Supply Depot  
  98  20:16  Marine x4, Siege Tank x2  
  98  20:17  Marine  
  98  20:18  Marine x2  
  111  20:27  Medivac x2  
  111  20:28  Supply Depot  
  115  20:34  Marine x5  
  120  20:37  Raven  
  119  20:48  Siege Tank x2  
  125  20:55  Marine x4  
  125  20:56  Marine x3  
  132  21:13  Marine x6  
  132  21:15  Medivac  
  140  21:18  Supply Depot x2  
  140  21:36  Marine  
  140  21:39  Marine x6  
  141  21:40  Siege Tank x2, Medivac  
  141  21:45  Medivac  
  157  22:37  Marine x6, Medivac x2  
  157  22:38  Marauder  
  139  22:55  Marine x2  
  131  23:08  Marine x5  
  136  23:13  Marine x2  
  138  23:26  Marine x4  
  142  23:37  Marine x2  
  142  23:38  Marine  
  143  23:43  Marine  
  143  23:44  Marine x3  
  144  23:55  Marine x3  
  138  24:01  Marine x2  
  138  24:02  Marine x2  
  145  24:13  Marine x3  
  148  24:19  Marine x4  
  148  24:22  Medivac x2  
  138  24:31  Marine x3  
  137  24:37  Marine x3  
  142  24:52  Marine x2, Medivac  
  144  24:53  Marine x2  
  144  24:55  Marine x3  
  149  25:10  Marine x3  
  79  26:37  Orbital Command  
  77  27:55  Missile Turret  
  77  28:09  Missile Turret  
  76  28:29  Raven  
  71  28:53  Marine x3  
  71  28:54  Marine x4  
  76  29:01  Missile Turret  
  76  29:02  Missile Turret  
  73  29:11  Marine  
Tags
 
Add a new tag
Caveats
  • Supply blocks, unpowered buildings, or Contaminate may cause inaccurate times.
  • Supply counts are checked every 10 seconds.